 Dungeon Crawl Stone Soup version 0.23-a0-650-ga4d50d4 (webtiles) character file.

2210 Amnesiac the Nimble (level 9, -1/44 HPs)
             Began as a Spriggan Berserker on Jan 2, 2019.
             Was an Elder of Trog.
             Slain by a polar bear (5 damage)
             ... in an ice cave.
             The game lasted 00:14:13 (9532 turns).

Amnesiac the Nimble (Spriggan Berserker)            Turns: 9532, Time: 00:14:14

Health: -1/44      AC:  3    Str: 16    XL:     9   Next: 13%
Magic:  0/15       EV: 32    Int:  8    God:    Trog [****..]
Gold:   258        SH:  0    Dex: 21    Spells: 8/8 levels left

rFire    + + .     SeeInvis +   a - +0 long sword
rCold    + + .     Gourm    .   (shield restricted)
rNeg     . . .     Faith    .   c - +1 robe {rC+ rF+}
rPois    .         Spirit   +   (helmet restricted)
rElec    .         Reflect  .   u - scarf {rC+ rF+}
rCorr    .         Harm     .   (gloves unavailable)
MR       ++...                  (boots unavailable)
Stlth    +++.......             k - amulet of guardian spirit
HPRegen  0.14/turn              x - ring of protection from magic
MPRegen  0.14/turn              (no ring)

@: agile, about to teleport, berserk cooldown, slowed, quick
A: very small, unfitting armour, see invisible, herbivore, speed 3, slow
metabolism 2
a: Berserk, Trog's Hand, Brothers in Arms, Renounce Religion


You were in an ice cave.
You worshipped Trog.
Trog was greatly pleased with you.
You were near starving.

You visited 2 branches of the dungeon, and saw 10 of its levels.
You also visited: Ice Cave.

You collected 258 gold pieces.

Inventory:

Hand Weapons
 a - a +0 long sword (weapon)
 b - a +2 dagger of venom
 w - a +1 dagger of speed
Missiles
 m - 17 poisoned needles
 v - 6 tomahawks (quivered)
Armour
 c - a +1 robe of resistance (worn)
 u - a scarf of resistance (worn)
Jewellery
 k - an amulet of guardian spirit (around neck)
 x - a ring of protection from magic (left hand)
Wands
 i - a wand of polymorph (8)
 n - a wand of random effects (4)
Scrolls
 d - 8 scrolls of remove curse {!r}
 q - a scroll of fear {!r}
 t - a scroll of enchant weapon {!r}
Potions
 e - a potion of berserk rage {!q}
 f - a potion of haste {!q}
 l - a potion of might {!q}
 o - a potion of magic {!q, unknown}
Miscellaneous
 r - a lamp of fire (inert)


   Skills:
 - Level 3.0 Fighting
 * Level 7.6 Long Blades
 + Level 9.7 Dodging
 + Level 7.2 Evocations


You had 8 spell levels left.
You didn't know any spells.
Your spell library was empty.

Dungeon Overview and Level Annotations

Branches:
Dungeon (9/15)               Lair (1/6) D:9
 Temple: D:4-7          Orc: D:9-12

Altars:
Dithmenos
Kikubaaqudgha
Nemelex Xobeh
Qazlal

Shops:
D:8 (

Annotations:
IceCv exclusion: ice statue


Innate Abilities, Weirdness & Mutations

You are very small and have problems with some larger weapons.
You are too small for most types of armour.
You have supernaturally acute eyesight. (SInv)
You are a herbivore.
You cover ground extremely quickly.
You need to consume almost no food.


Message History

The polar bear misses you. The polar bear closely misses you. x2
The polar bear claws you but does no damage.
The wolf pauses to sniff the ground.
The wolf misses you.
Really read
g - a scroll of noise {!r}?
As you read the scroll of noise {!r}, it crumbles to dust.
You hear a loud clanging noise!
You hear a howl!
You hear an angry growl.
You hear a howl!
You hear an angry growl.
The wolf completely misses you.
You riposte.
You hit the wolf.
The wolf is heavily wounded.
The polar bear barely misses you. The polar bear completely misses you.
The polar bear claws you.
* * * LOW HITPOINT WARNING * * *
The polar bear barely misses you.
You riposte.
You completely miss the polar bear. The polar bear claws you.
* * * LOW HITPOINT WARNING * * *
The polar bear completely misses you. The wolf misses you.
The polar bear bites you but does no damage.
The polar bear claws you but does no damage.
The polar bear misses you.
You hear a bellow! x2
Your surroundings suddenly seem different.
The yak gores you.
* * * LOW HITPOINT WARNING * * *
A yak comes into view.
A wolf comes into view.
Really quaff
j - a potion of agility {!q}?
You feel agile all of a sudden. The yak completely misses you.
The yak misses you.
You riposte.
You hit the yak.
The yak is moderately wounded. 2 yaks come into view.
A polar bear comes into view.
The yak bellows! x2; You hear an angry growl.
You hear a howl!
You hear an angry growl.
The yak completely misses you.
You riposte.
You completely miss the yak.
You hear an angry growl.
You hear a bellow! x2
A polar bear comes into view.
The polar bear growls angrily. x2
The polar bear misses you. The polar bear completely misses you.
The polar bear barely misses you. The yak completely misses you.
You riposte.
You slash the yak!
The yak is moderately wounded.
The yak gores you!
* * * LOW HITPOINT WARNING * * *
Really read
h - a scroll of teleportation {!r}?
Okay, then.
Really read
q - 2 scrolls of fear {!r}?
As you read the scroll of fear {!r}, it crumbles to dust.
You assume a fearsome visage.
The yak looks frightened! x2
The polar bear looks frightened! x2
Really read
h - a scroll of teleportation {!r}?
As you read the scroll of teleportation {!r}, it crumbles to dust.
You feel strangely unstable.
Cornered, the polar bear turns to fight!
Cornered, the yak turns to fight!
The yak misses you. The polar bear misses you.
The polar bear completely misses you. x2
Really quaff
z - a potion of curing {!q}?
You feel better.
The wolf pauses to sniff the ground.
The yak gores you!
* * * LOW HITPOINT WARNING * * *
The polar bear bites you.
You die... .## #.h# #YhhY

#Y.hh# # ##..Y#
.## #..# ###..#
...# #####...#
#### ####.##.Y##
##....Y.#h@#
##..#####h###
#....# ...#
#..###.########
#.. ##....#.##
#..
##..##....#####
..##
#..####..##§..##
####
#..###..####..∩#
..# ##...##..#
#....#


You could see a polar bear, a yak and a wolf.

Vanquished Creatures
  A polar bear (IceCv)
  A yak (IceCv)
  The ghost of MisterFreud the Sneak, an amateur FeBe of Trog (D:4)
  A water moccasin (D:4)
  Duvessa (D:4)
  A swamp drake (D:4)
  An ice beast (D:5)
  An ogre (D:4)
  A phantom (D:4)
  3 wolves
  A centaur (D:5)
  A bullfrog (D:8)
  2 scorpions (D:4)
  A howler monkey (D:5)
  A bullfrog zombie (D:5)
  3 orc wizards
  2 bullfrog skeletons (D:5)
  Natasha (thrice) (D:2)
  4 worker ants (D:4)
  A hound zombie (D:5)
  3 gnolls (D:4)
  A howler monkey skeleton (D:4)
  8 adders
  A shadow imp (D:5)
  2 oozes (D:5)
  An adder skeleton (D:5)
  3 worms
  3 dart slugs
  7 leopard geckos
  16 orcs
  2 ball pythons
  11 bats
  2 giant cockroaches
  6 goblins
  7 hobgoblins
  6 jackals
  3 quokkas
  6 frilled lizards
  A giant cockroach zombie (D:5)
  6 kobolds
  A leopard gecko zombie (D:5)
  7 rats
134 creatures vanquished.

Vanquished Creatures (others)
  2 wolves (IceCv)
  A fungus (Lair:1)
3 creatures vanquished.

Grand Total: 137 creatures vanquished

Notes
Turn   | Place    | Note
-------+----------+-------------------------------------------
     0 | D:1      | Amnesiac the Spriggan Berserker began the quest for the
                  | Orb.
     0 | D:1      | Reached XP level 1. HP: 11/11 MP: 2/2
   129 | D:1      | Reached XP level 2. HP: 14/16 MP: 3/3
   921 | D:2      | Reached ** piety under Trog
   921 | D:2      | Reached XP level 3. HP: 13/19 MP: 4/4
  1313 | D:2      | Reached skill level 5 in Dodging
  1587 | D:2      | Noticed Natasha
  1825 | D:2      | Reached XP level 4. HP: 19/23 MP: 5/5
  2558 | D:3      | Found an ancient bone altar of Kikubaaqudgha.
  2729 | D:4      | Reached skill level 1 in Evocations
  2729 | D:4      | Reached XP level 5. HP: 18/28 MP: 3/6
  3156 | D:4      | Reached skill level 6 in Dodging
  3224 | D:4      | Reached *** piety under Trog
  3542 | D:4      | Reached XP level 6. HP: 10/32 MP: 3/8
  3841 | D:4      | Noticed Dowan
  3859 | D:4      | Noticed Duvessa
  3866 | D:4      | Found a runed door.
  4244 | D:3      | Found an ancient bone altar of Kikubaaqudgha.
  4481 | D:3      | Found an ancient bone altar of Kikubaaqudgha.
  4961 | D:3      | Found an ancient bone altar of Kikubaaqudgha.
  5535 | D:2      | Killed Natasha
  5738 | D:2      | Noticed Natasha
  5744 | D:2      | Killed Natasha
  6144 | D:2      | Noticed Natasha
  6153 | D:2      | Killed Natasha
  6228 | D:4      | Reached skill level 5 in Long Blades
  6228 | D:4      | Reached XP level 7. HP: 36/36 MP: 10/10
  6356 | D:4      | Killed Duvessa
  6356 | D:4      | Reached skill level 7 in Dodging
  6365 | D:4      | Noticed Dowan
  6365 | D:4      | Dowan changed into Dowan the swamp drake
  6667 | D:4      | Killed Dowan the swamp drake
  6914 | D:4      | Noticed MisterFreud's ghost (amateur FeBe)
  6932 | D:4      | Found a runed door.
  6966 | D:4      | Killed MisterFreud's ghost
  7042 | D:5      | Entered Level 5 of the Dungeon
  7233 | D:5      | Found a sparkling altar of Nemelex Xobeh.
  7268 | D:5      | Reached skill level 5 in Evocations
  7345 | D:5      | Reached XP level 8. HP: 34/40 MP: 12/12
  7360 | D:5      | Reached skill level 8 in Dodging
  8452 | D:5      | Found a stormy altar of Qazlal.
  8579 | D:5      | Found a shadowy altar of Dithmenos.
  8623 | D:5      | Reached **** piety under Trog
  8997 | D:8      | Found Rachiac's Weapon Shop.
  9051 | D:9      | Found a staircase to the Lair.
  9060 | Lair:1   | Entered Level 1 of the Lair of Beasts
  9073 | Lair:1   | Noticed a hippogriff
  9094 | Lair:1   | Reached skill level 9 in Dodging
  9097 | Lair:1   | Noticed a hippogriff
  9104 | Lair:1   | Noticed a komodo dragon
  9133 | Lair:1   | Noticed a hippogriff
  9134 | Lair:1   | Noticed a blink frog
  9134 | Lair:1   | Noticed a blink frog
  9135 | Lair:1   | Noticed a blink frog
  9135 | Lair:1   | Noticed a blink frog
  9135 | Lair:1   | Noticed a black mamba
  9136 | Lair:1   | Noticed a blink frog
  9143 | Lair:1   | Noticed an ice devil
  9144 | Lair:1   | Found a frozen archway.
  9148 | Lair:1   | Noticed an ice devil
  9156 | IceCv    | Entered an ice cave
  9164 | IceCv    | Noticed a polar bear
  9212 | IceCv    | Noticed an ice statue
  9402 | IceCv    | Noticed a polar bear
  9402 | IceCv    | Noticed a polar bear
  9459 | IceCv    | Noticed a polar bear
  9459 | IceCv    | Noticed a polar bear
  9459 | IceCv    | Noticed a polar bear
  9459 | IceCv    | Noticed a polar bear
  9459 | IceCv    | Noticed a polar bear
  9459 | IceCv    | Noticed a frost giant
  9459 | IceCv    | Noticed a rime drake
  9460 | IceCv    | Noticed a polar bear
  9506 | IceCv    | Killed a polar bear
  9506 | IceCv    | Reached XP level 9. HP: 26/44 MP: 5/15
  9526 | IceCv    | Noticed a polar bear
  9528 | IceCv    | Noticed a polar bear
  9532 | IceCv    | Slain by a polar bear

Vault maps used:
D:1:      sevenhm_arrival_forest_fort_large_1, chequers_decorated_corner
D:2:      grunt_ministairs_6, uniq_natasha
D:3:      lemuel_doored_altar, first_ration
D:4:      ebering_ghost_sewer_f, uniq_duvessa
D:5:      minmay_diamond_boxcup, kennysheep_little_box, kennysheep_mini_moat,
          nicolae_qazlal_general_emergency
D:6:      tso_altar, yredelemnul_altar_generic,
          chequers_temple_overflow_minitemple, xom_teletrap_fun
D:7:      ashenzari_altar_1, marbit_many_paths, minmay_temple_entry_crystal_x,
          hangedman_abyss_or_decor_stagger, uniq_joseph, uniq_harold
D:8:      serial_shops, shop
D:9:      makhleb_altar_promises_db, okawaru_gym_becter, dpeg_oklobed_lair,
          the_bakery
Lair:1:   portal_ice_cave_demonic_guard, gammafunk_ghost_hydra_chop,
          chequers_serial_rivers_micro_e, lemuel_fruit_tree
IceCv:    ice_cave_caverns_03

Skill      XL: |  1  2  3  4  5  6  7  8  9 |
---------------+----------------------------+-----
Long Blades    | 3 4 5 6 7 |  7.6
Dodging        | 5 6 7 9 |  9.7
Fighting       | 3 |  3.0
Evocations     | 1 2 3 5 6 7 |  7.2

Action                   |  1- 3 |  4- 6 |  7- 9 || total
-------------------------+-------+-------+-------++-------
Melee: Falchion          |    97 |       |       ||    97
       Long sword        |    37 |   154 |   265 ||   456
Throw: Tomahawk          |       |       |     4 ||     4
Invok: Berserk           |       |     2 |     5 ||     7
Evoke: Wand              |       |       |    13 ||    13
       Lamp of fire      |       |       |     1 ||     1
  Use: Scroll            |     5 |     2 |     8 ||    15
       Potion            |     1 |       |    11 ||    12
 Stab: Sleeping          |     2 |       |     1 ||     3
  Eat: Ration            |     3 |       |     3 ||     6
Armor: Animal skin       |     8 |    12 |     1 ||    21
       Robe              |       |       |    19 ||    19
Dodge: Dodged            |   126 |   133 |   407 ||   666
       Rpst.: Falchion   |    28 |       |       ||    28
       Long sword        |    10 |    40 |    99 ||   149

Table legend:
 A = Non-vault XP
 B = Vault XP
 C = Vault XP percentage of total XP
 D = Non-vault monster count
 E = Vault monster count
 F = Vault count percentage of total count
                 A         B        C        D         E       F
            +---------+---------+-------+---------+---------+-------
      Total |    1528 |    1630 |  51.6 |     110 |      24 |  17.9
            +---------+---------+-------+---------+---------+-------
        D:1 |      33 |       3 |   8.3 |      17 |       3 |  15.0
        D:2 |     149 |      37 |  19.9 |      28 |       3 |   9.7
        D:3 |      37 |       0 |   0.0 |      14 |       0 |   0.0
        D:4 |     564 |     784 |  58.2 |      29 |       9 |  23.7
        D:5 |     513 |      40 |   7.2 |      17 |       5 |  22.7
        D:6 |       2 |       0 |   0.0 |       1 |       0 |   0.0
        D:8 |     114 |       0 |   0.0 |       3 |       0 |   0.0
     Lair:1 |     116 |       0 |   0.0 |       1 |       0 |   0.0
      IceCv |       0 |     766 | 100.0 |       0 |       4 | 100.0
            +---------+---------+-------+---------+---------+-------
